 Dungeon Crawl Stone Soup version 0.26.0-16-gc1dbca0489 (webtiles) character file.

Game seed: 6121092043928266720

30 iamoutofideas the Firebug (level 3, 24/24 HPs)
             Began as a Demonspawn Fire Elementalist on Jan 20, 2021.
             Quit the game on level 2 of the Dungeon.
             The game lasted 00:01:27 (1204 turns).

iamoutofideas the Firebug (DsFE)                    Turns: 1204, Time: 00:01:27

Health: 24/24      AC:  2    Str:  8    XL:     3   Next: 3%
Magic:  3/6        EV: 12    Int: 17    God:
Gold:   93         SH:  0    Dex: 13    Spells: 5/6 levels left

rFire    . . .     SeeInvis .   b - +0 short sword
rCold    . . .     Faith    .   (no shield)
rNeg     . . .     Spirit   .   a - +0 robe
rPois    .         Reflect  .   (no helmet)
rElec    .         Harm     .   (no cloak)
rCorr    .         Rampage  .   (no gloves)
Will     .....                  (no boots)
Stlth    +.........             (no amulet)
HPRegen  0.08/turn              (no ring)
MPRegen  0.10/turn              (no ring)

@: very slow
A: spiny 1, miasma immunity
a: no special abilities


You were on level 2 of the Dungeon.
You visited 1 branch of the dungeon, and saw 2 of its levels.

You collected 93 gold pieces.

Inventory:

Hand Weapons
 b - a +0 short sword (weapon)
Armour
 a - a +0 robe (worn)
Jewellery
 f - a +4 ring of protection {unknown}
 j - an uncursed ring of flight {unknown}
Scrolls
 c - 2 scrolls of identify {unknown}
 d - 2 scrolls of teleportation {unknown}
 h - a scroll of remove curse {unknown}
 i - a scroll of noise {unknown}
Potions
 e - a potion of ambrosia {unknown}
 g - a potion of haste {unknown}
 k - 2 potions of berserk rage {unknown}


   Skills:
 + Level 0.2 Short Blades
 + Level 2.1 Dodging
 - Level 1.7 Stealth
 + Level 2.3 Spellcasting
 + Level 1.2 Conjurations
 + Level 3.2 Fire Magic


You had 5 spell levels left.
You knew the following spells:

 Your Spells              Type           Power        Failure   Level
a - Foxfire               Conj/Fire      36%          8%          1

Your spell library contained the following spells:

 Spells                   Type           Power        Failure   Level
 Conjure Flame            Conj/Fire      9%           22%         3
 Inner Flame              Hex/Fire       7%           28%         3
 Sticky Flame             Conj/Fire      9%           58%         4
 Fireball                 Conj/Fire      4%           91%         5


Dungeon Overview and Level Annotations

Branches:
Dungeon (2/15)

Altars:


Innate Abilities, Weirdness & Mutations

You are partially covered in sharp spines.
You are immune to miasma.


Message History

A hobgoblin is nearby!
The hobgoblin barely misses you.
Casting: Foxfire (safe; 9% risk of failure)
Confirm with . or Enter, or press ? or * to list all spells.
You conjure some foxfire!
The bat is struck by your spines. The bat hits you but does no damage.
The hobgoblin barely misses you.
Casting: Foxfire (safe; 9% risk of failure)
Confirm with . or Enter, or press ? or * to list all spells.
You conjure some foxfire!
The foxfire hits the hobgoblin.
The hobgoblin is moderately wounded.
The foxfire hits the bat.
You kill the bat!
The hobgoblin is engulfed in a cloud of scalding steam.
You kill the hobgoblin!
You have reached level 3!
Your experience leads to an increase in your attributes!
Increase (S)trength, (I)ntelligence, or (D)exterity?
You feel clever.
Your demonic ancestry asserts itself...
You feel immune to miasma.
Are you sure you want to abandon this character and quit the game? (Confirm with "yes".)

#.#.#.# ≈≈≈≈≈≈≈≈≈≈≈♣
#.#.#.# ♣P≈≈≈≈≈≈≈≈P♣
#.#.#.# #♣♣≈P≈≈≈≈≈≈♣≈
#<..#.# .≈≈P♣P≈≈≈PP≈
#.###.#### #P♣≈≈P≈≈≈≈≈♣♣#
#.........
..≈≈≈PP≈≈≈P♣≈#.#...#.####
...♣P≈≈§§P≈≈...#.#.#.#
...≈≈P≈P@P≈# #...#.#
..#≈≈P§P≈♣....#.#.#.#
##≈≈≈P♣# ###.#.#.# ##≈≈P#
#.#.#.# #.##### #.#.#.#
...###.###.#####.#.#.####
#................#.#.....
##.................#.####
#########.#######.#.#


There were no monsters in sight!

Vanquished Creatures
  A dart slug (D:1)
  2 giant cockroaches (D:1)
  3 hobgoblins
  8 bats
  3 frilled lizards (D:1)
  4 goblins (D:1)
  3 kobolds (D:1)
  4 rats (D:1)
28 creatures vanquished.

Vanquished Creatures (collateral kills)
  A foxfire (D:2)
1 creature vanquished.

Vanquished Creatures (others)
  31 foxfires
31 creatures vanquished.

Grand Total: 60 creatures vanquished

Notes
Turn   | Place    | Note
-------+----------+-------------------------------------------
     0 | D:1      | iamoutofideas the Demonspawn Fire Elementalist began the
                  | quest for the Orb.
     0 | D:1      | Reached XP level 1. HP: 13/13 MP: 3/3
   259 | D:1      | Reached skill level 3 in Fire Magic
   264 | D:1      | Gained mutation: You are partially covered in sharp spines.
                  | [demonic ancestry]
   264 | D:1      | Reached XP level 2. HP: 16/19 MP: 0/5
  1204 | D:2      | Gained mutation: You are immune to miasma. [demonic
                  | ancestry]
  1204 | D:2      | Reached XP level 3. HP: 24/24 MP: 3/6
  1204 | D:2      | Quit the game

Illustrated notes

Levels and vault maps discovered:
D:1:      dpeg_arrival_boxes_within_box, layout_basic, minmay_pentomino_z2
D:2:      layout_basic, makhleb_altar_promises_db,
          nicolae_overflow_crystal_walls, serial_rivers,
          chequers_serial_rivers_micro_d, chequers_serial_rivers_micro_e,
          chequers_serial_rivers_micro_c, chequers_serial_rivers_small_a,
          serial_bayou_lake_a

Skill      XL: |  1  2 |
---------------+-------+-----
Fire Magic     | 3 |  3.2
Dodging        | 2 |  2.1
Short Blades   | |  0.2
Stealth        | |  1.7
Spellcasting   | |  2.3
Conjurations   | |  1.2

Action                   || total
-------------------------++-------
Melee: Short sword       ||    43
       Unarmed           ||     1
 Cast: Foxfire           ||    20
 Stab: Sleeping          ||     4
Armor: Robe              ||    12
Dodge: Dodged            ||    38
